 Dungeon Crawl Stone Soup version 0.17.1-3-g152610e (webtiles) character file.

37 GFox the Skirmisher (level 3, -1/29 HPs)
             Began as a Demonspawn Abyssal Knight on Apr 12, 2016.
             Was a Follower of Lugonu.
             Slain by Crazy Yiuf
             ... wielding a +3 quarterstaff of chaos
              (5 damage)
             ... on level 2 of the Dungeon.
             The game lasted 00:16:44 (1642 turns).

GFox the Skirmisher (Demonspawn Abyssal Knight)     Turns: 1642, Time: 00:16:44

Health: -1/29      AC:  6    Str: 13    XL:     3   Next: 23%
Magic:  5/5        EV: 11    Int: 13    God:    Lugonu [*.....]
Gold:   160        SH:  0    Dex: 12    Spells: 0 memorised, 2 levels left

rFire  . . .     SeeInvis .     a - +2 hand axe
rCold  . . .     Clarity  .     b - +0 leather armour
rNeg   . . .     SustAt   .     (no shield)
rPois  .         Gourm    .     (no helmet)
rElec  .         Spirit   .     (no cloak)
rCorr  .         Warding  .     e - +2 pair of gloves
rMut   .         Stasis   .     (no boots)
MR     .....                    (no amulet)
Stlth  +.........               (no ring)
                                (no ring)

@: studying Stealth, not resistant to hostile enchantments, very unstealthy
A: claws 1, demonic guardian 1
a: Depart the Abyss, Renounce Religion


You were on level 2 of the Dungeon.
You worshipped Lugonu.
Lugonu was aware of your devotion.
You were not hungry.

You visited 1 branch of the dungeon, and saw 2 of its levels.
You visited the Abyss 1 time.

You collected 160 gold pieces.

Inventory:

Hand Weapons
 a - a +2 hand axe (weapon)
Armour
 b - a +0 leather armour (worn)
 e - a +2 pair of gloves (worn)
Jewellery
 i - an uncursed amulet of resist mutation {unknown}
Scrolls
 d - a scroll of blinking
 j - a scroll of teleportation
 o - a scroll of remove curse
Potions
 q - a potion of cure mutation
Books
 g - a manual of Stealth
Comestibles
 c - 2 bread rations
 f - a meat ration
 p - 5 chunks of flesh


   Skills:
 + Level 3.6 Fighting
 + Level 2.0 Axes
 + Level 1.8 Armour
 + Level 1.3 Dodging
 + Level 3.1 Invocations


You had 2 spell levels left.
You didn't know any spells.

Dungeon Overview and Level Annotations

Branches:
Dungeon (2/15)

Altars:

Annotations:
D:2 Crazy Yiuf


Innate Abilities, Weirdness & Mutations

You have sharp fingernails.
A weak demonic guardian rushes to your aid.


Message History

Drink which item? (? for menu, Esc to quit)
Okay, then.
Read which item? (? for menu, Esc to quit)
As you read the scroll labeled KEAG JURELUXYU, it crumbles to dust.
The scroll dissolves into smoke.
It was a scroll of fog.
Crazy Yiuf grits, "Cod water return to song!"
Your leather armour prevents you from hitting Crazy Yiuf.
Crazy Yiuf is almost dead.
Crazy Yiuf barely misses you.
You hit Crazy Yiuf.
Crazy Yiuf is almost dead.
Crazy Yiuf barely misses you.
You barely miss Crazy Yiuf.
Crazy Yiuf is almost dead.
Crazy Yiuf yells, "Fluff!
East bush mumblescurry."
Crazy Yiuf closely misses you. Crazy Yiuf barely misses you.
You barely miss Crazy Yiuf.
Crazy Yiuf is almost dead.
Crazy Yiuf hits you with a quarterstaff of chaos.
You die...

...........#
...........#
...........#
...........#
...........#########
...........'.......#
[..........#####.###
..............<#.#
............####@#
............# #g#
############# #§#
#§# ##§# ###**
####§§# #)..###
##..#§§#
#...g5####g..§§§#
#...##..#.....)##


You could see Crazy Yiuf.

Vanquished Creatures
  An ooze (D:1)
  2 worms (D:2)
  6 bats (D:1)
  A bat zombie (D:1)
  A hobgoblin (D:1)
  5 kobolds (D:1)
  2 giant cockroaches
  A giant gecko zombie (D:1)
  2 giant newts
  5 goblins (D:1)
  2 rats
28 creatures vanquished.

Notes
Turn   | Place    | Note
--------------------------------------------------------------
     0 | Abyss:1  | GFox the Demonspawn Abyssal Knight began the quest for the Orb.
     0 | Abyss:1  | Reached XP level 1. HP: 18/18 MP: 2/2
    32 | Abyss:1  | Noticed an ancient zyme
    34 | Abyss:1  | Noticed an apocalypse crab
    91 | Abyss:2  | Noticed an ancient zyme
   100 | Abyss:3  | Found a corrupted altar of Lugonu.
   162 | Abyss:3  | Noticed a large abomination
   163 | D:1      | Escaped the Abyss
   555 | D:1      | Reached * piety under Lugonu
   555 | D:1      | Reached skill level 1 in Dodging
   555 | D:1      | Gained mutation: You have sharp fingernails. [demonic ancestry]
   555 | D:1      | Reached XP level 2. HP: 24/24 MP: 4/4
  1236 | D:1      | Gained mutation: A weak demonic guardian rushes to your aid. [demonic ancestry]
  1236 | D:1      | Reached XP level 3. HP: 26/29 MP: 5/5
  1605 | D:2      | Noticed Crazy Yiuf
  1618 | D:2      | HP: 1/29 [Crazy Yiuf/quarterstaff of chaos (6)]
  1642 | D:2      | Slain by Crazy Yiuf

Action                   || total
-------------------------++-------
Melee: Hand axe          ||   108
Invok: Depart the Abyss  ||     1
  Use: Scroll            ||     7
       Potion            ||     6
 Stab: Sleeping          ||     2
  Eat: Chunk             ||     3
